[Event "ICC tourney 3080 (30 10)"]
[Site "Internet Chess Club"]
[Date "2022.12.17"]
[Round "3"]
[White "PADIYAR, SUNMAY:sunmay12"]
[Black "Krishnan, Ashvath:ashvathk5"]
[Result "1/2-1/2"]
[ICCResult "Game drawn because neither player has mating material"]
[WhiteElo "1457"]
[BlackElo "1390"]
[Opening "Vienna gambit"]
[ECO "C29"]
[NIC "VG.04"]
[Time "16:00:16"]
[PlyCount "124"]
[TimeControl "1800+10"]

1. e4 e5 2. Nc3 Nf6 3. f4 d6 4. Nf3 Nc6 5. Bb5 Qe7 6. O-O Bd7 7. Bxc6 Bxc6
8. d3 O-O-O 9. a4 exf4 10. Bxf4 h6 11. Nd4 Bd7 12. Re1 Bg4 13. Qd2 g5 14.
Bg3 Nh5 15. Nd5 Qd7 16. Bf2 Bg7 17. Nb5 Be6 18. Ndxc7 a6 19. Nxe6 Qxe6 20.
Nc3 Nf4 21. Be3 Qg4 22. Bxf4 gxf4 23. Rf1 Bd4+ 24. Kh1 Be5 25. d4 Bf6 26.
Rxf4 Qg5 27. Rf2 Qxd2 28. Rxd2 Bg5 29. Rf2 Rhf8 30. Nd5 Rde8 31. Re1 f5 32.
g3 h5 33. h4 Bh6 34. e5 dxe5 35. Rxe5 Rxe5 36. dxe5 Kd7 37. Nf4 Bxf4 38.
gxf4 Rg8 39. Rg2 Rc8 40. c3 Rc4 41. Rg5 Rxf4 42. Rxh5 Ke6 43. Rh7 Rxa4 44.
Rxb7 Rxh4+ 45. Kg2 Kxe5 46. b3 Rh6 47. c4 Kd4 48. Kf3 Ke5 49. b4 Rh3+ 50.
Kg2 Rb3 51. Rb6 Rc3 52. c5 a5 53. bxa5 Rxc5 54. Ra6 Kd5 55. Kf3 Rc6 56. Ra7
Kd6 57. a6 Rc7 58. Ra8 Kc6 59. Kf4 Kb6 60. Kxf5 Ra7 61. Rxa7 Kxa7 62. Ke6
Kxa6 {Game drawn because neither player has mating material} 1/2-1/2

[Event "ICC tourney 3080 (30 10)"]
[Site "Internet Chess Club"]
[Date "2022.12.17"]
[Round "3"]
[White "RAVIND G N, RICNESH:RickyCarlsen"]
[Black "VUYYURU, SHRIYAN:loudcertainlava"]
[Result "0-1"]
[ICCResult "White resigns"]
[WhiteElo "1518"]
[BlackElo "1333"]
[Opening "Saragossa opening"]
[ECO "A00"]
[NIC "VO.12"]
[Time "16:00:40"]
[PlyCount "110"]
[TimeControl "1800+10"]

1. c3 e6 2. d4 d5 3. Nf3 Nf6 4. Bg5 Be7 5. e3 c5 6. Bd3 Nc6 7. O-O O-O 8.
Nbd2 Bd7 9. Re1 h6 10. Bxf6 Bxf6 11. dxc5 e5 12. e4 Bg4 13. exd5 Qxd5 14.
Ne4 Rad8 15. Bc2 Qxd1 16. Raxd1 Na5 17. b4 Nc4 18. Bb3 Nb2 19. Rxd8 Rxd8 20.
Nd6 Bxf3 21. gxf3 Rd7 22. Bc2 e4 23. Nxe4 Nc4 24. Kf1 Kf8 25. Rd1 Rc7 26. a4
Be5 27. Bb3 f5 28. Bxc4 fxe4 29. fxe4 Bxc3 30. Rb1 Be5 31. Bd5 Bxh2 32. Rb3
Be5 33. Rf3+ Ke8 34. Rb3 g5 35. Rh3 Bg7 36. Rf3 a6 37. Rd3 Ke7 38. Kg2 h5
39. Rg3 g4 40. f3 Be5 41. f4 Bxf4 42. Rd3 Kf6 43. Rd1 Ke5 44. Rh1 Rh7 45. c6
bxc6 46. Bxc6 h4 47. b5 h3+ 48. Kf1 g3 49. Rxh3 Rxh3 50. bxa6 Rh1+ 51. Kg2
Rh2+ 52. Kf1 Be3 53. a7 g2+ 54. Ke2 g1=Q+ 55. Kd3 Bxa7 {White resigns} 0-1

[Event "ICC tourney 3080 (30 10)"]
[Site "Internet Chess Club"]
[Date "2022.12.17"]
[Round "3"]
[White "NI, MATTHEW:oldwetplant"]
[Black "JIMENEZ, LUIS A:eltuna"]
[Result "1-0"]
[ICCResult "Black forfeits on time"]
[WhiteElo "1219"]
[BlackElo "1485"]
[Opening "Caro-Kann: exchange variation"]
[ECO "B13"]
[NIC "CK.02"]
[Time "16:00:33"]
[PlyCount "225"]
[TimeControl "1800+10"]

1. e4 c6 2. d4 d5 3. exd5 cxd5 4. Nf3 Nc6 5. Nc3 Bg4 6. Be2 e6 7. h3 Bh5 8.
O-O Nf6 9. Bf4 Bd6 10. Bxd6 Qxd6 11. Nb5 Qd7 12. Ne5 Nxe5 13. dxe5 Bxe2 14.
Qxe2 Ne4 15. Rfd1 a6 16. f3 Ng3 17. Qf2 Nf5 18. Nd4 Ne7 19. Qe2 O-O 20. c4
Rac8 21. cxd5 Nxd5 22. Nb3 Qe7 23. Rac1 Nf4 24. Qf1 Qg5 25. Rxc8 Rxc8 26.
Kh1 Qxe5 27. Qf2 h6 28. Rd4 Ne2 29. Rd2 Nc1 30. Rc2 Rxc2 31. Qxc2 Nxb3 32.
Qxb3 Qd5 33. Qa4 Qc6 34. Qa5 Qc1+ 35. Kh2 Qxb2 36. Qd8+ Kh7 37. Qd3+ g6 38.
Qd7 Kg7 39. Qa4 Qe5+ 40. Kh1 a5 41. Qb3 b5 42. a3 b4 43. Qa2 bxa3 44. Qxa3
Qe1+ 45. Kh2 Qb4 46. Qa1+ Kh7 47. Qf6 Qd6+ 48. Kh1 Qd7 49. Qa1 a4 50. Qa3
Kg7 51. Qc3+ Kg8 52. Qa3 h5 53. h4 Qc6 54. Kh2 Qc4 55. Kh3 e5 56. Kh2 e4 57.
fxe4 Qxe4 58. g3 Qe2+ 59. Kh3 Qe6+ 60. Kh2 Qb3 61. Qe7 Qa2+ 62. Kg1 a3 63.
Qd8+ Kh7 64. Qe7 Qe6 65. Qxa3 Qg4 66. Qb3 Qf5 67. Kg2 Qe4+ 68. Kg1 Kg7 69.
Qc3+ Kh7 70. Qb3 Qf5 71. Kh2 Qe6 72. Qf3 Kg7 73. Kg1 Qf6 74. Qb3 Qd4+ 75.
Kg2 Qe4+ 76. Kh2 Kf6 77. Qc3+ Kf5 78. Qc5+ Kg4 79. Qg5+ Kf3 80. Qf6+ Qf5 81.
Qc3+ Ke4 82. Qc4+ Ke5 83. Qc5+ Kf6 84. Qc3+ Qe5 85. Qf3+ Kg7 86. Qb3 Qe2+
87. Kg1 Qg4 88. Qc3+ Kh7 89. Qb3 Qf5 90. Kg2 g5 91. hxg5 Kg6 92. Qb6+ Kxg5
93. Qd8+ f6 94. Qg8+ Qg6 95. Qd5+ f5 96. Qd2+ Kf6 97. Qd8+ Kg7 98. Qd7+ Qf7
99. Qd4+ Kg6 100. Qd6+ Qf6 101. Qf4 Qb2+ 102. Kh3 Qf6 103. Qb8 Qe6 104. Kh2
Qe2+ 105. Kg1 Qe6 106. Kh2 h4 107. gxh4 Qe2+ 108. Kg1 Kh5 109. Qh8+ Kg4 110.
h5 Qe3+ 111. Kh1 Qf3+ 112. Kh2 Qf2+ 113. Kh1 {Black forfeits on time} 1-0

[Event "ICC tourney 3080 (30 10)"]
[Site "Internet Chess Club"]
[Date "2022.12.17"]
[Round "4"]
[White "VUYYURU, SHRIYAN:loudcertainlava"]
[Black "Nadathur, Hari Rangan:HariNadathur"]
[Result "1-0"]
[ICCResult "Black resigns"]
[WhiteElo "1333"]
[BlackElo "751"]
[Opening "Trompowsky attack (Ruth, Opocenský opening)"]
[ECO "A45"]
[NIC "QP.07"]
[Time "18:01:29"]
[PlyCount "39"]
[TimeControl "1800+10"]

1. d4 Nf6 2. Bg5 Ne4 3. Bf4 d5 4. e3 Bf5 5. Bd3 Nd6 6. Bxd6 Bxd3 7. Bxc7
Qxc7 8. Qxd3 Nc6 9. a3 g6 10. Nc3 e6 11. Nf3 Bg7 12. O-O O-O 13. Rac1 Rac8
14. Qe2 Rfd8 15. Rfe1 Na5 16. a4 Nc4 17. b3 Nxe3 18. Nb5 Nxc2 19. Nxc7 Nxe1
20. Qxe1 {Black resigns} 1-0

[Event "ICC tourney 3080 (30 10)"]
[Site "Internet Chess Club"]
[Date "2022.12.17"]
[Round "4"]
[White "Bolme, Thomas Bradley:ThomasBradley75"]
[Black "DEMIREL, ESAT OMER:EsatOmerDemirel"]
[Result "0-1"]
[ICCResult "White resigns"]
[WhiteElo "669"]
[BlackElo "1107"]
[Opening "Queen's pawn"]
[ECO "A40"]
[NIC "QO.17"]
[Time "18:01:27"]
[PlyCount "48"]
[TimeControl "1800+10"]

1. d4 e6 2. Bf4 d5 3. Nf3 Nf6 4. e3 Bd6 5. Bg3 O-O 6. c3 c5 7. Bd3 c4 8. Bc2
Qb6 9. b3 Nbd7 10. Nbd2 Re8 11. O-O Bxg3 12. fxg3 e5 13. Nxe5 Nxe5 14. dxe5
Qxe3+ 15. Rf2 Rxe5 16. Nf3 Ng4 17. Bxh7+ Kxh7 18. Nxe5 Qxf2+ 19. Kh1 Nxe5
20. Qxd5 cxb3 21. Qxe5 bxa2 22. Qh5+ Kg8 23. h3 Qb2 24. Rxa2 Qxa2
{White resigns}
0-1

[Event "ICC tourney 3080 (30 10)"]
[Site "Internet Chess Club"]
[Date "2022.12.17"]
[Round "4"]
[White "Zafar, Faris:gameismyname"]
[Black "PADIYAR, SUNMAY:sunmay12"]
[Result "1-0"]
[ICCResult "Black checkmated"]
[WhiteElo "1423"]
[BlackElo "1457"]
[Opening "Four knights: Ranken variation"]
[ECO "C48"]
[NIC "KP.03"]
[Time "18:01:22"]
[PlyCount "101"]
[TimeControl "1800+10"]

1. e4 e5 2. Nf3 Nc6 3. Nc3 Nf6 4. Bb5 a6 5. Bxc6 dxc6 6. Nxe5 Bc5 7. O-O O-O
8. Nf3 Bg4 9. h3 Bh5 10. Qe2 Re8 11. d3 Nd7 12. Be3 Bb6 13. Bxb6 cxb6 14.
Qe3 Qf6 15. Rfe1 Ne5 16. Nxe5 Rxe5 17. f4 Re7 18. g4 Bxg4 19. hxg4 Qh4 20.
g5 Qg4+ 21. Kf2 Rae8 22. Qf3 Qd7 23. Rh1 f6 24. gxf6 gxf6 25. Rag1+ Kh8 26.
Qg4 Qd4+ 27. Ke2 c5 28. Rg2 f5 29. Qxf5 c4 30. Rgh2 cxd3+ 31. cxd3 Qd7 32.
Qxd7 Rxd7 33. f5 Rf7 34. Kd2 Rd8 35. Kc2 Rfd7 36. Nd5 Rc8+ 37. Kd2 Rc6 38.
f6 Rcd6 39. Rf2 Rf7 40. e5 Rxd5 41. e6 Rxf6 42. Rxf6 Kg7 43. Rf7+ Kg6 44.
Rxb7 Rd6 45. e7 Kf7 46. Re1 Ke8 47. Rb8+ Kf7 48. e8=Q+ Kf6 49. Qe5+ Kf7 50.
Qxd6 h5 51. Re7# {Black checkmated} 1-0

[Event "ICC tourney 3080 (30 10)"]
[Site "Internet Chess Club"]
[Date "2022.12.17"]
[Round "4"]
[White "Nagarajan, Ramesh:rnagaraj"]
[Black "Gonzalez, Nahum Pepe:nahumgonzalez"]
[Result "1-0"]
[ICCResult "Black resigns"]
[WhiteElo "1357"]
[BlackElo "1599"]
[Opening "Caro-Kann defense"]
[ECO "B10"]
[NIC "CK.01"]
[Time "18:01:30"]
[PlyCount "69"]
[TimeControl "1800+10"]

1. e4 c6 2. f4 d6 3. Nf3 Bg4 4. Be2 Nf6 5. Nc3 Nbd7 6. d4 Qc7 7. e5 Nd5 8.
Ne4 c5 9. exd6 exd6 10. dxc5 N5f6 11. Nxd6+ Bxd6 12. cxd6 Qb6 13. Qd4 O-O
14. Qxb6 Nxb6 15. O-O Rad8 16. b3 Rxd6 17. Ba3 Re6 18. Bxf8 Rxe2 19. Bc5
Rxc2 20. Rfc1 Re2 21. Re1 Rc2 22. Bxb6 axb6 23. Re7 h6 24. Rxb7 Nd5 25. Rd1
Nxf4 26. Rd2 Rc6 27. Ne5 Rc1+ 28. Kf2 Be6 29. Rxb6 Rc7 30. a4 Nd5 31. Ng6
Nxb6 32. Rd8+ Kh7 33. Nf8+ Kg8 34. Nxe6+ Kh7 35. Nxc7 {Black resigns} 1-0

[Event "ICC tourney 3080 (30 10)"]
[Site "Internet Chess Club"]
[Date "2022.12.17"]
[Round "4"]
[White "LOPEZ, FRANCISCO JAVIER:steinutz"]
[Black "Jiang, Zen:zenjiang"]
[Result "1-0"]
[ICCResult "Black checkmated"]
[WhiteElo "1576"]
[BlackElo "1098"]
[Opening "Queen's pawn game"]
[ECO "D00"]
[NIC "QP.08"]
[Time "18:01:31"]
[PlyCount "69"]
[TimeControl "1800+10"]

1. d4 d5 2. c3 Nf6 3. Bg5 e6 4. Nd2 Be7 5. e3 a6 6. Ngf3 Nbd7 7. Bd3 b6 8.
Qe2 Bb7 9. a4 c5 10. h3 h6 11. Bf4 Nf8 12. Ne5 Bd6 13. Ndf3 Qc7 14. Bh2 N8d7
15. O-O O-O 16. Kh1 Rfc8 17. Rae1 c4 18. Bb1 b5 19. Qc2 Nf8 20. axb5 axb5
21. Nd2 N6h7 22. f4 Nf6 23. f5 N6h7 24. Ndf3 Ng5 25. Nxg5 hxg5 26. fxe6 fxe6
27. Rxf8+ Kxf8 28. Rf1+ Ke8 29. Qg6+ Kd8 30. Nf7+ Kd7 31. Bxd6 Qb6 32. Bg3
Rf8 33. Ne5+ Ke7 34. Qxg7+ Ke8 35. Rxf8# {Black checkmated} 1-0

[Event "ICC tourney 3080 (30 10)"]
[Site "Internet Chess Club"]
[Date "2022.12.17"]
[Round "4"]
[White "JIMENEZ, LUIS A:eltuna"]
[Black "BAI, JEFFREY:Jeffchess"]
[Result "0-1"]
[ICCResult "White resigns"]
[WhiteElo "1485"]
[BlackElo "1297"]
[Opening "French defense"]
[ECO "C01"]
[NIC "FR.01"]
[Time "18:01:31"]
[PlyCount "74"]
[TimeControl "1800+10"]

1. e4 e6 2. d4 c6 3. Nf3 h6 4. Bd3 d5 5. e5 c5 6. c3 c4 7. Bc2 Bd7 8. Be3 a5
9. b3 b5 10. bxc4 dxc4 11. a3 a4 12. O-O Nc6 13. d5 Na7 14. Be4 exd5 15.
Bxd5 Bc6 16. Bxf7+ Kxf7 17. Qxd8 Rxd8 18. Bxa7 Bxf3 19. gxf3 Ke6 20. Bd4 Ne7
21. Ra2 Nf5 22. Rd2 Nh4 23. Rdd1 Nxf3+ 24. Kg2 Nh4+ 25. Kg3 Nf5+ 26. Kf4 g5+
27. Ke4 Bg7 28. f4 g4 29. Bc5 h5 30. Rg1 h4 31. Bd4 g3 32. h3 Rhf8 33. Nd2
Bh6 34. Nf3 Bxf4 35. Kxf4 Nxd4+ 36. Ke4 Nxf3 37. Rxd8 Ng5+ {White resigns}
0-1

[Event "ICC tourney 3080 (30 10)"]
[Site "Internet Chess Club"]
[Date "2022.12.17"]
[Round "4"]
[White "RAVIND G N, RICNESH:RickyCarlsen"]
[Black "Cao, Frank Zhongtian:FrankCao"]
[Result "1/2-1/2"]
[ICCResult "Game drawn by repetition"]
[WhiteElo "1518"]
[BlackElo "1347"]
[Opening "Saragossa opening"]
[ECO "A00"]
[NIC "VO.12"]
[Time "18:01:26"]
[PlyCount "71"]
[TimeControl "1800+10"]

1. c3 d5 2. d4 c6 3. Nf3 Bf5 4. Bg5 f6 5. Bf4 g5 6. Bxb8 Qxb8 7. e3 Qd6 8.
Bd3 Bxd3 9. Qxd3 O-O-O 10. Nbd2 h5 11. Nb3 Kb8 12. O-O-O h4 13. h3 e6 14.
Nc5 e5 15. Qf5 e4 16. Nh2 Ne7 17. Qe6 Qxe6 18. Nxe6 Rd6 19. Nxf8 Rxf8 20.
Rdf1 f5 21. f4 gxf4 22. Rxf4 Ng6 23. Rf2 Kc7 24. Rhf1 Rdf6 25. Ng4 R6f7 26.
Kd2 f4 27. Ke2 Kd6 28. Nh6 Rh7 29. Ng4 Rhf7 30. Nh6 Rh7 31. Ng4 Rhf7 32. Nh6
Rh7 33. Ng4 Rhf7 34. Nh6 Rh7 35. Ng4 Rhf7 36. Nh6 {Game drawn by repetition}
1/2-1/2

[Event "ICC tourney 3080 (30 10)"]
[Site "Internet Chess Club"]
[Date "2022.12.17"]
[Round "4"]
[White "Krishnan, Ashvath:ashvathk5"]
[Black "ANGEL, BORYS:BArkadia"]
[Result "0-1"]
[ICCResult "White forfeits on time"]
[WhiteElo "1390"]
[BlackElo "1388"]
[Opening "Scotch game"]
[ECO "C45"]
[NIC "SO.04"]
[Time "18:01:25"]
[PlyCount "136"]
[TimeControl "1800+10"]

1. e4 e5 2. Nf3 Nc6 3. d4 exd4 4. Nxd4 Be7 5. Nxc6 bxc6 6. Bd3 d6 7. O-O Nf6
8. h3 O-O 9. Be3 Bb7 10. Nd2 d5 11. c3 c5 12. e5 Nd7 13. f4 f5 14. Qc2 g6
15. Nf3 Nb6 16. Rad1 c4 17. Be2 c5 18. b3 cxb3 19. axb3 a5 20. Bb5 Qc7 21.
Qf2 Ba6 22. Bxa6 Rxa6 23. h4 c4 24. Nd4 Rc8 25. h5 cxb3 26. hxg6 hxg6 27.
Qg3 Nc4 28. e6 Nxe3 29. Qxg6+ Kh8 30. Rf3 Bh4 31. Qh6+ Qh7 32. Qxh7+ Kxh7
33. Rxe3 Bf6 34. Nxb3 a4 35. e7 axb3 36. e8=Q Rxe8 37. Rxe8 Bxc3 38. Kf2 b2
39. Rb8 Ra1 40. Ke2 Rxd1 41. Kxd1 Kh6 42. Kc2 d4 43. Rh8+ Kg6 44. Rh1 Kf6
45. Kd3 Ke6 46. Kc4 Kd6 47. Rh6+ Ke7 48. Rb6 Kd7 49. Kd3 Kc7 50. Rb3 Kc6 51.
Kc4 Kd6 52. Rb6+ Kc7 53. Rb5 Kc6 54. Rb3 Kd6 55. Kd3 Kc5 56. g3 Kd5 57. Rb8
Ke6 58. Kc4 Kf6 59. Rb6+ Kg7 60. Kd3 Kf7 61. Kc2 Kg7 62. Re6 Kf7 63. Rb6 Kg7
64. Kd3 Kf7 65. Ke2 Ke7 66. Kd3 Kd7 67. Kc2 Kc7 68. Rb5 Kc6
{White forfeits on time}
0-1

[Event "ICC tourney 3080 (30 10)"]
[Site "Internet Chess Club"]
[Date "2022.12.17"]
[Round "5"]
[White "Kale, Shubham:shubham07"]
[Black "Krishnan, Ashvath:ashvathk5"]
[Result "0-1"]
[ICCResult "White resigns"]
[WhiteElo "1371"]
[BlackElo "1390"]
[Opening "Polish (Sokolsky) opening"]
[ECO "A00"]
[NIC "VO.10"]
[Time "20:00:36"]
[PlyCount "24"]
[TimeControl "1800+10"]

1. b4 e5 2. a3 d5 3. Bb2 Bd6 4. f4 Qe7 5. fxe5 Bxe5 6. d4 Qh4+ 7. Kd2 Bxd4
8. c3 Qf4+ 9. Kc2 Bf5+ 10. Kb3 Bxg1 11. Rxg1 Qc4+ 12. Ka4 Bd7+ {White
resigns} 0-1

[Event "ICC tourney 3080 (30 10)"]
[Site "Internet Chess Club"]
[Date "2022.12.17"]
[Round "5"]
[White "JIMENEZ, LUIS A:eltuna"]
[Black "Bolme, Thomas Bradley:ThomasBradley75"]
[Result "1-0"]
[ICCResult "Black resigns"]
[WhiteElo "1485"]
[BlackElo "669"]
[Opening "Ruy Lopez: 5.O-O"]
[ECO "C78"]
[NIC "RL.12"]
[Time "20:00:14"]
[PlyCount "29"]
[TimeControl "1800+10"]

1. e4 e5 2. Nf3 Nc6 3. Bb5 a6 4. Ba4 Nf6 5. O-O d5 6. Nxe5 Qe7 7. Nxc6 bxc6
8. Bxc6+ Bd7 9. Bxa8 Nxe4 10. Bxd5 Nc5 11. Re1 Be6 12. d4 Qd6 13. dxc5 Qxd5
14. Qxd5 Bxc5 15. Qxc5 {Black resigns} 1-0

[Event "ICC tourney 3080 (30 10)"]
[Site "Internet Chess Club"]
[Date "2022.12.17"]
[Round "5"]
[White "ANGEL, BORYS:BArkadia"]
[Black "Nagarajan, Ramesh:rnagaraj"]
[Result "0-1"]
[ICCResult "White resigns"]
[WhiteElo "1388"]
[BlackElo "1357"]
[Opening "Sicilian: Labourdonnais-Löwenthal variation"]
[ECO "B32"]
[NIC "SI.32"]
[Time "20:00:16"]
[PlyCount "62"]
[TimeControl "1800+10"]

1. e4 c5 2. Nf3 Nc6 3. d4 cxd4 4. Nxd4 e5 5. Nb3 Nf6 6. Nc3 Bb4 7. f3 d5 8.
Bd2 Bxc3 9. Bxc3 d4 10. Bd2 Nxe4 11. fxe4 Qh4+ 12. g3 Qxe4+ 13. Qe2 Qxh1 14.
O-O-O O-O 15. Bg2 Qxh2 16. Rh1 Qxg3 17. Be4 h6 18. Qh5 Bg4 19. Qh2 Qxh2 20.
Rxh2 Rac8 21. Rg2 f5 22. Bd5+ Kh7 23. Nc5 Ne7 24. Ne6 Nxd5 25. Nxf8+ Rxf8
26. c3 e4 27. cxd4 Rc8+ 28. Kb1 e3 29. Bc3 Nxc3+ 30. bxc3 Rxc3 31. Kb2 Rd3
{White resigns}
0-1

[Event "ICC tourney 3080 (30 10)"]
[Site "Internet Chess Club"]
[Date "2022.12.17"]
[Round "5"]
[White "VUYYURU, SHRIYAN:loudcertainlava"]
[Black "Zafar, Faris:gameismyname"]
[Result "1-0"]
[ICCResult "Black checkmated"]
[WhiteElo "1333"]
[BlackElo "1423"]
[Opening "QGD Slav defense"]
[ECO "D10"]
[NIC "SL.01"]
[Time "20:00:16"]
[PlyCount "119"]
[TimeControl "1800+10"]

1. d4 d5 2. c4 c6 3. e3 Nf6 4. Nc3 Bf5 5. Nf3 g6 6. cxd5 cxd5 7. Bb5+ Nc6 8.
a3 Bg7 9. Ne5 Bd7 10. Nxd7 Qxd7 11. O-O O-O 12. Bd2 a6 13. Be2 e5 14. dxe5
Nxe5 15. Bf3 Nxf3+ 16. Qxf3 Ne4 17. Qe2 Rac8 18. Nxe4 dxe4 19. Bb4 Rfe8 20.
Rfd1 Qc6 21. Qd2 Qc2 22. Rab1 Qxd2 23. Rxd2 Red8 24. Rxd8+ Rxd8 25. Kf1 Rc8
26. b3 Bc3 27. Bxc3 Rxc3 28. a4 b6 29. Rb2 Kf8 30. Ke2 Rd3 31. f3 f5 32. f4
Ke7 33. g3 Kd7 34. Rd2 Rxd2+ 35. Kxd2 Kc6 36. Kc3 Kd6 37. Kd4 b5 38. axb5
axb5 39. h3 h6 40. h4 Kc6 41. Ke5 Kc5 42. h5 gxh5 43. Kxf5 Kb4 44. Ke5 Kxb3
45. f5 b4 46. f6 Kc2 47. f7 b3 48. f8=Q b2 49. Qc5+ Kb3 50. Qb5+ Ka2 51.
Qa4+ Kb1 52. Kd4 Kc1 53. Qc4+ Kd1 54. Qb3+ Kc1 55. Qc3+ Kb1 56. Kc4 Ka2 57.
Qc2 Ka1 58. Qa4+ Kb1 59. Kc3 Kc1 60. Qc2# {Black checkmated} 1-0

[Event "ICC tourney 3080 (30 10)"]
[Site "Internet Chess Club"]
[Date "2022.12.17"]
[Round "5"]
[White "BAI, JEFFREY:Jeffchess"]
[Black "RAVIND G N, RICNESH:RickyCarlsen"]
[Result "0-1"]
[ICCResult "White checkmated"]
[WhiteElo "1297"]
[BlackElo "1518"]
[Opening "Scandinavian (center counter) defense"]
[ECO "B01"]
[NIC "VO.17"]
[Time "20:00:16"]
[PlyCount "148"]
[TimeControl "1800+10"]

1. e4 d5 2. Bd3 dxe4 3. Bxe4 Nf6 4. Nc3 Nxe4 5. Nxe4 Bf5 6. Nc3 e6 7. d3 Bd6
8. Nge2 Nd7 9. O-O Nf6 10. Bg5 h6 11. Bxf6 Qxf6 12. Ng3 Qh4 13. Qf3 c6 14.
Rfe1 O-O 15. h3 Bxg3 16. Qxg3 Qxg3 17. fxg3 h5 18. Kh2 Rfd8 19. Re2 Rac8 20.
Ne4 c5 21. Rd1 Rd4 22. c3 Rd5 23. Red2 Rcd8 24. c4 Rd4 25. Nxc5 b6 26. Nb3
Rxd3 27. Rxd3 Rxd3 28. Rxd3 Bxd3 29. c5 bxc5 30. Nxc5 Bb5 31. a4 Bc6 32. b4
a6 33. a5 Bb5 34. Kh1 Kf8 35. Kg1 Ke7 36. Kf2 Kd6 37. Ke3 Kd5 38. Nb7 f6 39.
Nd8 e5 40. g4 hxg4 41. hxg4 Bd7 42. Kd3 Bb5+ 43. Kc3 e4 44. Nf7 e3 45. g3 e2
46. Kd2 Kc4 47. Kxe2 Kxb4+ 48. Ke3 Kxa5 49. Kd4 Be2 50. g5 Bh5 51. Nd6 fxg5
52. Ke5 Kb4 53. Ne4 g4 54. Kf5 a5 55. Kg5 g6 56. Kf4 a4 57. Nf2 a3 58. Nd3+
Kb3 59. Ke3 a2 60. Nc1+ Kb2 61. Nxa2 Kxa2 62. Kf4 Kb3 63. Ke3 Kc3 64. Ke2
Kc2 65. Ke3 Kd1 66. Kd3 Ke1 67. Ke3 Kf1 68. Ke4 Ke2 69. Kd4 Kf3 70. Kd3 Kxg3
71. Ke2 Kh2 72. Kf1 g3 73. Ke1 g2 74. Kf2 g1=Q# {White checkmated} 0-1

[Event "ICC tourney 3080 (30 10)"]
[Site "Internet Chess Club"]
[Date "2022.12.17"]
[Round "5"]
[White "Gonzalez, Nahum Pepe:nahumgonzalez"]
[Black "NI, MATTHEW:oldwetplant"]
[Result "1-0"]
[ICCResult "Black checkmated"]
[WhiteElo "1599"]
[BlackElo "1219"]
[Opening "QGD: Neo-orthodox variation, 7.Bh4"]
[ECO "D56"]
[NIC "QO.16"]
[Time "20:00:22"]
[PlyCount "95"]
[TimeControl "1800+10"]

1. d4 d5 2. c4 Nf6 3. Nc3 e6 4. Nf3 Be7 5. Bg5 O-O 6. e3 h6 7. Bh4 Nc6 8. a3
dxc4 9. Bxc4 Bd7 10. Qc2 Nh7 11. Bg3 Ng5 12. Nxg5 Bxg5 13. Ba2 Re8 14. O-O
Rc8 15. Rfd1 Ne7 16. Ne4 Bc6 17. Nxg5 hxg5 18. Rac1 Nd5 19. Bb1 Nf6 20. Qe2
Be4 21. Ba2 Bd5 22. Bb1 Be4 23. Bc2 Bxc2 24. Qxc2 c6 25. Qc5 Ne4 26. Qxa7
Nxg3 27. hxg3 Qe7 28. Rc3 Ra8 29. Qc5 Qf6 30. Rb3 Rab8 31. Rb6 Red8 32. Qb4
Rd7 33. Rxc6 bxc6 34. Qxb8+ Kh7 35. Rc1 Rd8 36. Qc7 Rh8 37. Qxc6 Qh6 38. Kf1
Qh1+ 39. Ke2 Qh5+ 40. Qf3 g4 41. Qe4+ g6 42. Rc5 f5 43. Rc7+ Kh6 44. Qxe6
Rb8 45. b4 Qh1 46. Qf7 Qxg2 47. Qh7+ Kg5 48. Qh4# {Black checkmated} 1-0

[Event "ICC tourney 3080 (30 10)"]
[Site "Internet Chess Club"]
[Date "2022.12.17"]
[Round "5"]
[White "PADIYAR, SUNMAY:sunmay12"]
[Black "LOPEZ, FRANCISCO JAVIER:steinutz"]
[Result "1-0"]
[ICCResult "Black checkmated"]
[WhiteElo "1457"]
[BlackElo "1576"]
[Opening "Scandinavian: Pytel-Wade variation"]
[ECO "B01"]
[NIC "SD.02"]
[Time "20:00:18"]
[PlyCount "133"]
[TimeControl "1800+10"]

1. e4 d5 2. exd5 Qxd5 3. Nc3 Qd6 4. Nf3 c6 5. d4 Bf5 6. Be2 Nf6 7. O-O e6 8.
Bg5 Nbd7 9. Qd2 Qc7 10. Rfe1 Bd6 11. h3 O-O 12. Bd3 Bxd3 13. Qxd3 h6 14. Bd2
b5 15. a3 Rfd8 16. Rad1 a6 17. b4 a5 18. Ne4 Nxe4 19. Qxe4 axb4 20. axb4 Nf6
21. Qh4 Nd5 22. c3 Bf4 23. Bxf4 Nxf4 24. Ne5 Nd5 25. Rd3 Ra3 26. Rc1 f6 27.
Ng4 Qf4 28. Rcd1 Rxc3 29. g3 Qg5 30. Qxg5 hxg5 31. Rxc3 Nxc3 32. Re1 Kf7 33.
Re3 Nd5 34. Rb3 Ra8 35. Ne3 Ra1+ 36. Kg2 Rc1 37. Nxd5 cxd5 38. Ra3 Rc4 39.
Ra7+ Kg6 40. Re7 Rxb4 41. Rxe6 Rxd4 42. Rb6 b4 43. Kf3 Re4 44. Rb5 Rc4 45.
Rxd5 Kf7 46. Rb5 Ke6 47. Ke3 Kd6 48. Rb7 Kc6 49. Rb8 Kc5 50. Kd3 Rc3+ 51.
Kd2 Kc4 52. Rb7 Kb3 53. Rxg7 Kb2 54. Rb7 b3 55. f4 gxf4 56. gxf4 Rxh3 57.
Rb6 Rh2+ 58. Kd3 Rh3+ 59. Kd2 Rh6 60. Kd3 Ka2 61. Ra6+ Kb1 62. Rb6 b2 63.
Kc3 Rh3+ 64. Kd2 Ka2 65. Kc2 Rh2+ 66. Kc3 b1=Q 67. Ra6# {Black checkmated}
1-0